:(, neutral female human Wizard ----- ... ... . . . . # # # ######## ########@r### # ---.- # ---|------ - ### |...| # |..........| ------------.--## # |...| # |.%........| |..............#### |...| ----------# |..........| |...<.........| # |...| |........|# ------------ |..............## |...-####..(......|# --------------- ----- |..`.....|# |.........# ----)----- # :( the Conjurer Experience level: 3 Strength: 8 Dexterity: 13 Constitution: 17 Intelligence: 17 Wisdom: 10 Charisma: 11 Health: 0(31) Energy: 31(31) Def: 1 Gold: 224 Moves: 1083 Dungeon seed: bxMLSpTEopuHwZys Game ID: :(_1587065362 Your Inventory: Coins $ - 224 gold pieces Amulets o - an uncursed amulet versus poison w - an uncursed amulet versus poison Weapons a - a blessed +1 quarterstaff (weapon in hands) s - a +0 sling u - 12 +0 darts (in quiver) A - 8 +1 crossbow bolts B - a +0 orcish dagger C - a +0 dagger Armor e - a blessed +0 cloak of magic resistance (being worn) z - an uncursed +0 orcish helm N - a blessed +0 dwarvish cloak Y - an uncursed +0 orcish helm Comestibles x - an uncursed food ration Scrolls i - 2 uncursed scrolls of remove curse j - an uncursed scroll of identify k - an uncursed scroll of light q - an uncursed scroll of scare monster Spellbooks l - a blessed spellbook of force bolt m - a blessed spellbook of clairvoyance Potions f - a blessed potion of fruit juice g - an uncursed potion of booze h - an uncursed potion of speed r - a blessed potion of confusion v - an uncursed potion of blindness Rings c - an uncursed ring of warning d - an uncursed ring of searching Wands b - a wand of locking (0:5) t - a wand of lightning (0:5) Tools n - a magic marker (0:78) Gems y - 2 uncursed worthless pieces of black glass Spells and supernatural/magical abilities: Name Level Category Fail Memory a - force bolt 1 attack 0% 95% v - clairvoyance 3 divination 93% 95% W - pray for help -- divine ? -- Your skills at the end: Fighting Skills Weapon Skills quarterstaff [Basic] Spellcasting Skills attack spells [Basic] enchantment spells [Basic] Final Attributes: You were piously aligned. You were magic-protected. You are dead. Vanquished creatures: an acid blob a hobbit 3 giant rats 4 cave spiders a red mold a gnome a gnome zombie 2 jackals 2 goblins 2 sewer rats 6 grid bugs a lichen 4 newts 29 creatures vanquished. Voluntary challenges: You followed a strict vegan diet. You were an atheist. You used a wielded weapon 23 times, starting on turn 34. You were illiterate. You never genocided any monsters. You never polymorphed an object. You never changed form. You used no wishes. You never split a pudding. You never wrote Elbereth's name. You never violated your personal moral code. Dungeon overview: The Dungeons of Doom: levels 1 to 5 Level 1 a fountain a long staircase Level 2 a fountain Level 3 some fountains Level 4 a sink Level 5 <- You were here History has recorded: On T:1 you entered the Dungeons of Doom to retrieve the Amulet of Yendor! On T:115 you reached level 2 of The Dungeons of Doom. On T:342 you reached level 3 of The Dungeons of Doom. On T:458 you advanced to experience level 2. On T:525 you reached level 4 of The Dungeons of Doom. On T:879 you reached level 5 of The Dungeons of Doom. On T:959 you advanced to experience level 3. Score breakdown: Gold: 224 ( 8001 points) Experience: 3 levels ( 7878 points) Exploration: 5 levels ( 9.80%) ( 8485 points) Discoveries: 0 items ( 0.00%) ( 0 points) Valuables value: (no points given unless you survive) Artifact value: 0 ( 0 points) Variety of kills: 13 monsters ( 3.41%) ( 5541 points) Turncount: 1083 turns ( 0 points) Survival: died (score multiplied by 80%) Total score: 23924 Latest messages: The giant rat bites! You hit the giant rat. The giant rat bites! You miss the giant rat. The giant rat bites! (2x) You displace your kitten. The kitten eats a giant rat corpse. The kitten bites the giant rat. The giant rat is killed! You hear some noises. The kitten picks up a dart. The kitten drops a dart. The kitten bites the giant rat. The giant rat misses the kitten. You displace your kitten. u - a dart (in quiver). The giant rat bites! You displace your kitten. The kitten bites the giant rat. The giant rat bites the kitten. The giant rat bites! (5x) You die... Final status: Goodbye :( the Wizard, killed by a giant rat... You died in The Dungeons of Doom on dungeon level 5 with 23924 points, and 224 pieces of gold, after 1083 moves. You were level 3 with a maximum of 31 hit points when you died.